 Dungeon Crawl Stone Soup version 0.29.1-13-g9f3cf754e1 (webtiles) character file.

Game seed: 5581865186706923016

50 booth the Stinger (level 3, 0/36 HPs)
             Began as a Demonspawn Venom Mage on Jan 25, 2023.
             Slain by a phantom (4 damage)
             ... on level 3 of the Dungeon.
             The game lasted 00:18:13 (2027 turns).

booth the Stinger (Demonspawn Venom Mage)           Turns: 2027, Time: 00:18:14

Health: 0/36       AC:  2    Str:  6 (8)  XL:     3   Next: 55%
Magic:  6/6        EV: 12    Int: 18 (20) God:
Gold:   124        SH:  0    Dex: 11 (13) Spells: 0/6 levels left

rFire   . . .      SeeInvis +   n - +5 halberd "Futhreab" {flame, rCorr Int+2 SInv}
rCold   . . .      Faith    .   (shield currently unavailable)
rNeg    . . .      Spirit   .   a - +0 robe
rPois   .          Reflect  .   (no helmet)
rElec   .          Harm     .   (no cloak)
rCorr   +          Rampage  .   (no gloves)
Will    .....                   (no boots)
Stlth   ..........              (no amulet)
HPRegen 0.12/turn               (no ring)
MPRegen 0.20/turn               (no ring)

@: berserking, very quick
A: magic regeneration
a: no special abilities


You were on level 3 of the Dungeon.
You visited 1 branch of the dungeon, and saw 3 of its levels.

You collected 124 gold pieces.

Inventory:

Hand Weapons
 c - a +0 hand axe
 e - a +0 spectral mace
 n - the +5 halberd "Futhreab" (weapon) {flame, rCorr Int+2 SInv}
   (You found it on level 2 of the Dungeon)

   It burns those it strikes, dealing additional fire damage.
   Big, fiery blades are also staple armaments of hydra-hunters.
   Int:       It affects your intelligence (+2).
   SInv:      It lets you see invisible.
   rCorr:     It protects you from acid and corrosion.
Missiles
 k - 5 curare-tipped darts
 o - 5 poisoned darts
Armour
 a - a +0 robe (worn)
Jewellery
 h - a ring of protection from fire
Wands
 s - a wand of roots (11)
Scrolls
 d - 5 scrolls of teleportation
Potions
 b - a potion of magic
 f - a potion of berserk rage
 g - 2 potions of attraction
 i - a potion of ambrosia


   Skills:
 + Level 0.1 Fighting
 - Level 0.7 Maces & Flails
 * Level 1.0 Polearms
 + Level 1.8 Dodging
 + Level 2.0 Stealth
 + Level 2.2 Spellcasting
 * Level 0.5 Conjurations
 + Level 1.4 Transmutations
 * Level 0.3 Air Magic
 + Level 3.2 Poison Magic


You couldn't memorise any spells.
You knew the following spells:

 Your Spells              Type           Power      Damage    Failure   Level
a - Sting                 Tmut/Pois      40%        1d5       7%          1
b - Poisonous Vapours     Pois/Air       16%        N/A       13%         2
c - Mephitic Cloud        Conj/Pois/Air  6%         N/A       30%         3

Your spell library contained the following spells:

 Spells                   Type           Power      Damage    Failure   Level
 Olgreb's Toxic Radiance  Pois           13%        N/A       43%         4


Dungeon Overview and Level Annotations

Branches:
Dungeon (3/15)

Altars:


Innate Abilities, Weirdness & Mutations

You regenerate magic rapidly.


Message History

The phantom hits you.
The phantom blinks!
You blink.
Casting: Sting (safe; 7% risk of failure)
Confirm with . or Enter, or press ? or * to list all spells.
Aiming: Sting (safe; 7% risk of failure)
Press: ? - help, Shift-Dir - straight line, f - phantom
Aim: a phantom (60% to hit)
The sting misses the phantom.
The phantom hits you!
The phantom blinks!
You blink.
Casting: Sting (safe; 7% risk of failure)
Confirm with . or Enter, or press ? or * to list all spells.
Aiming: Poisonous Vapours (safe; 13% risk of failure)
Press: ? - help, Dir - move target, f/p - phantom
Aim: a phantom The phantom cannot be affected by poisonous vapours!
You hit the phantom. You burn the phantom.
The phantom is lightly damaged.
The phantom hits you.
* * * LOW HITPOINT WARNING * * *
A red film seems to cover your vision as you go berserk!
You feel yourself moving faster!
You feel mighty!
The ball python hisses angrily.
The phantom barely misses you.
You barely miss the phantom.
The phantom is lightly damaged.
The phantom hits you.
* * * LOW HITPOINT WARNING * * *
The phantom blinks!
You blink.
You miss the phantom.
The phantom is lightly damaged.
The phantom hits you but does no damage.
You barely miss the phantom.
The phantom is lightly damaged.
The phantom hits you.
* * * LOW HITPOINT WARNING * * *
The phantom blinks!
You blink.
You barely miss the phantom.
The phantom is lightly damaged.
The ball python bites you but does no damage.
The ball python barely misses you. The phantom hits you.
You die...

#..# #..#####
#......###
##(..####.###.#
........§).....
.....#...§[#
..<.......#...##
.......##.#.#SW#
b...... #.#.##@#
....S..
#...##..#
..?....
#..####...
....... #..#
##.#
.......##..# ..#
...........# .#
#######.#..## #
#.##..# ##.###.#


You could see a phantom and a ball python.

Vanquished Creatures
  An adder (D:2)
  A worm (D:2)
  A dart slug (D:2)
  4 ball pythons
  2 endoplasms
  3 giant cockroaches (D:2)
  3 goblins
  2 hobgoblins
  3 jackals (D:1)
  4 bats
  3 frilled lizards
  2 kobolds (D:2)
  6 rats
35 creatures vanquished.

Notes
Turn   | Place    | Note
-------+----------+-------------------------------------------
     0 | D:1      | booth the Demonspawn Venom Mage began the quest for the
                  | Orb.
     0 | D:1      | Reached XP level 1. HP: 13/13 MP: 3/3
   234 | D:1      | You fall into a shaft and drop 1 floor!
   241 | D:2      | Reached skill level 1 in Transmutations
   450 | D:1      | Gained mutation: You regenerate magic rapidly. [demonic
                  | ancestry]
   450 | D:1      | Reached XP level 2. HP: 19/19 MP: 3/5
   453 | D:1      | Learned a level 2 spell: Poisonous Vapours
  1057 | D:2      | Identified the +5 halberd "Futhreab" {flame, rCorr Int+2
                  | SInv}
  1188 | D:2      | Reached XP level 3. HP: 20/24 MP: 4/6
  1209 | D:2      | Found a faded altar of an unknown god.
  1594 | D:2      | Reached skill level 1 in Polearms
  1992 | D:3      | Learned a level 3 spell: Mephitic Cloud
  2012 | D:3      | Noticed a phantom
  2027 | D:3      | Slain by a phantom

Illustrated notes

Levels and vault maps discovered:
D:1:      scummos_arrival_star, layout_basic, minmay_bisected
D:2:      layout_rooms, ebering_ecumenical_altar_abandoned, st_stairs_8,
          nicolae_kite_square_tiling_tiny
D:3:      layout_rooms, roderic_batcave

Skill      XL: |  1  2  3 |
---------------+----------+-----
Transmutations | 1 |  1.4
Stealth        | 2 |  2.0
Polearms       | 1 |  1.0
Fighting       | |  0.1
Maces & Flails | |  0.7
Dodging        | |  1.8
Spellcasting   | |  2.2
Conjurations   | |  0.5
Air Magic      | |  0.3
Poison Magic   | |  3.2

Action                   || total
-------------------------++-------
Melee: Mace              ||    24
       Hand axe          ||     3
       Halberd           ||    36
       Punch             ||     1
 Cast: Sting             ||    25
       Poisonous Vapours ||     4
  Use: Scroll            ||     6
       Potion            ||     5
Armor: Robe              ||    20
Dodge: Dodged            ||    42
